Map: Ruins of Seras

Players

Gallory

  • Race: Protoss Protoss
  • League: Diamond

Burt - Winner!

  • Race: Terran Terran
  • League: Platinum

VOD

Have the link to the VOD?

Description

Time

  • Played on: Dec. 15, 2015, 9:35 p.m.
  • Length: 6:40
Show
View Real Time Build Order
Export as new Build Order

Gallory Protoss 

Build Orders: 1 Gate Expand 

Get SALT Encoding   

  12  0:01  Probe (Chrono Boost)  
  13  0:11  Probe (Chrono Boost)  
  14  0:19  Pylon  
  14  0:24  Probe (Chrono Boost)  
  15  0:38  Probe (Chrono Boost)  
  15  0:40  Gateway  
  16  0:45  Assimilator  
  16  0:50  Probe (Chrono Boost)  
  17  1:01  Probe (Chrono Boost)  
  18  1:11  Probe (Chrono Boost)  
  19  1:29  Nexus  
  19  1:32  Probe (Chrono Boost)  
  20  1:40  Cybernetics Core  
  20  1:43  Probe (Chrono Boost)  
  21  1:56  Probe (Chrono Boost)  
  21  1:58  Pylon  
  22  2:21  Gateway, Adept  
  22  2:22  Warp Gate (Chrono Boost)  
  23  2:27  Probe  
  24  2:36  Assimilator  
  24  2:39  Probe  
  25  2:52  Probe, Adept  
  25  2:54  Probe  
  29  3:04  Mothership Core  
  31  3:09  Adept  
  31  3:11  Probe  
  34  3:21  Probe, Robotics Facility  
  34  3:24  Pylon  
  34  3:25  Probe (Chrono Boost)  
  36  3:33  Probe (Chrono Boost), Pylon  
  36  3:38  Probe (Chrono Boost)  
  38  3:44  Adept  
  38  3:45  Probe (Chrono Boost), Adept  
  43  3:59  Probe (Chrono Boost)  
  43  4:00  Probe (Chrono Boost)  
  45  4:11  Robotics Facility  
  42  4:24  Probe (Chrono Boost)  
  42  4:26  Assimilator  
  40  4:33  Gateway  
  40  4:34  Gateway x2, Probe (Chrono Boost)  
  40  4:37  Probe (Chrono Boost)  
  42  4:41  Observer  
  42  4:45  Probe (Chrono Boost)  
  44  4:49  Twilight Council, Pylon, Probe (Chrono Boost)  
  44  5:04  Stalker x2  
  46  5:17  Immortal  
  50  5:24  Probe (Chrono Boost)  
  50  5:25  Probe (Chrono Boost)  
  51  5:32  Stalker  
  51  5:33  Stalker  
  55  5:37  Probe (Chrono Boost)  
  55  5:40  Probe (Chrono Boost)  
  57  5:46  Stalker x2  
  61  5:52  Probe (Chrono Boost)  
  61  5:54  Probe (Chrono Boost)  
  61  6:02  Pylon  
  61  6:21  Zealot x2  
  61  6:22  Zealot x2  
  69  6:30  Pylon  
  69  6:32  Pylon  
Show
View Real Time Build Order
Export as new Build Order

Burt Terran - Winner!

Build Orders:  

Get SALT Encoding   

  12  0:01  SCV  
  13  0:13  SCV  
  14  0:18  Supply Depot  
  14  0:25  SCV  
  15  0:39  SCV  
  15  0:40  Barracks  
  16  0:46  Refinery  
  16  0:53  Refinery  
  16  0:56  SCV  
  17  1:08  SCV  
  18  1:27  Reaper  
  18  1:28  Supply Depot, Orbital Command  
  19  1:53  Factory  
  19  1:55  SCV  
  19  2:00  Barracks Reactor  
  20  2:07  SCV  
  21  2:19  SCV  
  22  2:31  SCV  
  22  2:36  Factory Tech Lab  
  22  2:37  Marine x2  
  23  2:40  Starport  
  23  2:43  SCV  
  26  2:54  Marine x2  
  26  2:55  SCV  
  29  3:14  Supply Depot  
  29  3:19  Starport Tech Lab, Marine x2  
  31  3:30  Engineering Bay  
  31  3:35  SCV, Siege Tank  
  31  3:37  Supply Depot, Marine x2  
  37  3:43  Raven  
  39  3:58  SCV  
  39  4:01  Marine x2  
  39  4:02  Terran Infantry Weapons Level 1  
  42  4:07  Siege Tank  
  45  4:10  SCV  
  46  4:17  Supply Depot  
  46  4:22  SCV  
  47  4:36  Missile Turret  
  47  4:39  SCV, Medivac  
  47  4:40  Supply Depot, Marine x2  
  52  4:47  Siege Tank  
  55  5:01  Marine  
  56  5:07  SCV  
  56  5:08  Marine  
  56  5:10  Medivac  
  60  5:19  SCV, Marine  
  62  5:26  Marine  
  63  5:36  Supply Depot, Siege Tank, SCV  
  63  5:37  Marine  
  67  5:44  Marine  
  68  5:54  Marine  
  69  5:58  Medivac  
  69  6:01  Marine  
  72  6:07  SCV  
  73  6:12  Marine  
  73  6:16  Supply Depot  
  76  6:19  Marine  
  76  6:20  SCV  
  76  6:22  Supply Depot  
Tags
 
Add a new tag
Caveats
  • Supply blocks, unpowered buildings, or Contaminate may cause inaccurate times.
  • Supply counts are checked every 10 seconds.